 Dungeon Crawl Stone Soup version 0.31.0-32-g396128a36d (webtiles) character file.

Game seed: 7916682215396264935

20070 ChadusMaximus the Summoner (level 12, -22/87 HPs)
             Began as a Barachi Summoner on Mar 9, 2024.
             Was a High Priest of Hepliaklqana.
             Hit by a large rock thrown by a cyclops (36 damage)
             ... on level 11 of the Dungeon.
             The game lasted 00:22:20 (14458 turns).

ChadusMaximus the Summoner (Barachi Summoner)      Turns: 14458, Time: 00:22:20

Health: -22/87     AC: 11    Str:  7    XL:     12   Next: 75%
Magic:  1/28       EV: 11    Int: 27    God:    Hepliaklqana [*****.]
Gold:   415        SH:  6    Dex: 12    Spells: 20/36 levels left

rFire   . . .        L - +3 scimitar
rCold   . . .        E - +0 buckler
rNeg    . . .        O - +2 robe
rPois   +            y - +2 hat {Will+}
rElec   .            J - scarf {repulsion}
rCorr   .            R - +3 pair of gauntlets of War {Slay+5}
SInv    .            s - +0 pair of boots
Will    +....        (no amulet)
Stlth   ++           q - +6 ring of intelligence
HPRegen 0.34/turn    d - ring of the Ancients {Fly rPois Str-3 Slay+6}
MPRegen 0.21/turn

%: repel missiles
@: unable to hop, flying, slow
A: reduced essence, amphibious, slowness 1, strong legs 1, +LOS
a: Hop, Renounce Religion, Recall Ancestor, Ancestor Identity, Transference,
Idealise


You were on level 11 of the Dungeon.
You worshipped Hepliaklqana.
Hepliaklqana was extremely pleased with you.
You visited 2 branches of the dungeon, and saw 12 of its levels.
You also visited: Ossuary.

You collected 1764 gold pieces.
You spent 1349 gold pieces at shops.

Inventory:

Hand Weapons
 f - a +0 sling
 C - a +2 flail of holy wrath
 F - a +2 trident of flaming
 L - a +3 scimitar (weapon)
Missiles
 G - a throwing net
Armour
 s - a +0 pair of boots (worn)
 y - a +2 hat of willpower (worn)
 E - a +0 buckler (worn)
 J - a scarf of repulsion (worn)
 O - a +2 robe (worn)
 R - the +3 pair of gauntlets of War (worn) {Slay+5}
   (You bought it in a shop on level 5 of the Dungeon)

   Slay+5:    It affects your accuracy & damage with ranged weapons and melee
   (+5).
 S - a +4 ring mail of cold resistance
Jewellery
 d - the ring of the Ancients (right hand) {Fly rPois Str-3 Slay+6}
   (You found it on level 9 of the Dungeon)

   [ring of flight]

   Str-3:     It affects your strength (-3).
   Slay+6:    It affects your accuracy & damage with ranged weapons and melee
   (+6).
   rPois:     It protects you from poison Fly: It grants you flight.
 q - a +6 ring of intelligence (left hand)
 N - a ring of protection from fire
 P - a ring of see invisible
 T - a ring of protection from fire
Wands
 u - a wand of iceblast (24)
 A - a wand of paralysis (17)
 Q - a wand of flame (17)
 U - a wand of polymorph (5)
Scrolls
 a - a scroll of amnesia
 i - a scroll of poison
 j - 2 scrolls of teleportation
 k - 2 scrolls of brand weapon
 n - 2 scrolls of revelation
 o - 2 scrolls of noise
 p - 3 scrolls of fog
 t - 2 scrolls of identify
 x - 3 scrolls of vulnerability
 z - 2 scrolls of blinking
 D - 4 scrolls of enchant weapon
 I - a scroll of butterflies
 K - 2 scrolls of fear
 M - a scroll of silence
Potions
 b - a potion of magic
 c - 3 potions of haste
 e - 6 potions of invisibility
 g - 6 potions of heal wounds {unknown}
 h - 3 potions of attraction
 l - 4 potions of curing
 m - a potion of brilliance {unknown}
 r - 4 potions of might
 v - 7 potions of mutation {unknown}
 w - 3 potions of ambrosia {unknown}
 B - a potion of cancellation
 H - 2 potions of degeneration


   Skills:
 - Level 10.0 Fighting
 - Level 2.1 Dodging
 - Level 1.7 Stealth
 - Level 10.5 Shields
 + Level 12.6 Spellcasting
 * Level 13.8 Summonings


You had 20 spell levels left.
You knew the following spells:

 Your Spells              Type           Power      Damage    Failure   Level
a - Summon Small Mammal   Summ           100%       N/A       0%          1
b - Call Canine Familiar  Summ           75%        N/A       1%          3
c - Call Imp              Summ           100%       N/A       1%          2
d - Summon Lightning Spi  Summ/Air       53%        N/A       2%          4
e - Summon Cactus Giant   Summ           37%        N/A       2%          6

Your spell library contained the following spells:

 Spells                   Type           Power      Damage    Failure   Level
 Summon Blazeheart Golem  Fire/Summ      53%        N/A       2%          4
 Slow                     Hex            68%        N/A       4%          1
 Lesser Beckoning         Tloc           34%        N/A       7%          2
 Scorch                   Fire           34%        2d6       7%          2
 Sublimation of Blood     Necr           17%        N/A       7%          2
 Confusing Touch          Hex            17%        N/A       14%         3
 Fugue of the Fallen      Necr           17%        N/A       14%         3
 Gell's Gravitas          Tloc           17%        N/A       14%         3
 Ozocubu's Armour         Ice            17%        N/A       14%         3
 Sigil of Binding         Hex            17%        N/A       14%         3
 Teleport Other           Tloc           17%        N/A       14%         3
 Vampiric Draining        Necr           17%        2d7       14%         3
 Flame Wave               Conj/Fire      17%        2d7       41%         4
 Manifold Assault         Tloc           17%        N/A       41%         4
 Petrify                  Alch/Erth      17%        N/A       41%         4
 Irradiate                Conj/Alch      8%         3d14      77%         5


Dungeon Overview and Level Annotations

Branches:
Dungeon (11/15)            Temple (0/1) D:5            Lair (0/5) D:11
    Orc (1/2) D:10        Ossuary (visited)

Altars:
Ashenzari
Elyvilon
Gozag
Hepliaklqana
Kikubaaqudgha
Ru
Sif Muna
Trog
Uskayaw
Wu Jian
Yredelemnul
Zin

Shops:
D:5 [   D:7 ?   D:10 (


Innate Abilities, Weirdness & Mutations

Your life essence is reduced to manifest your ancestor. (-10% HP)
You are amphibious.
You cover ground slowly.
You can hop short distances.
You have an extended range of vision and can be seen from far away.


Message History

The large rock hits your lightning spire!!
Your lightning spire is destroyed!
Your lightning spire disappears in a puff of smoke!
Okay, then.
As you read the scroll of teleportation, it crumbles to dust.
You feel strangely unstable.
Your cactus giant hits the cyclops with a +0 giant spiked club!!
Hop to where?
Press: ? - help, Dir - move target
Found a pair of glowing gloves.
Boing!
Your surroundings suddenly seem different.
There is a stone staircase leading up here.
You start resting.
Your familiar recovers from its injuries.
You start resting.
Your cactus giant disappears in a puff of smoke!
A cyclops is nearby!
You can't go down here!
Casting: Summon Lightning Spire (dangerous; 2% risk of failure)
Confirm with . or Enter, or press ? or * to list all spells.
An electric hum fills the air.
The cyclops shouts!
Casting: Summon Lightning Spire (dangerous; 2% risk of failure)
Confirm with . or Enter, or press ? or * to list all spells.
You don't have enough magic to cast this spell.
Unknown command.
You are too injured to fight recklessly!
You are too injured to fight recklessly!
Unknown command.
Unknown command.
Unknown command.
The cyclops hits you!!
* * * LOW HITPOINT WARNING * * *
Unknown command.
Unknown command.
Unknown command.
The cyclops throws a large rock.
You block the large rock.
Unknown command.
The cyclops throws a large rock.
The large rock hits you!!!
You die...

...#.# #..'.........'..#.. ...#.#
##..#.........#..#.. ...#.#
#...#.........#..#.. ...#.#
#...#.........#..#..
...#.#########...#.........#..#..
...#.............#####'.##.#..#..
...#.........^................#..
####................C..##........
................@.....#.####...##
...................8..##...#####.
..†....######..........#...C.(C..
.......# #..........#..#C....#
.......# #.....###..##§.#####.
.......# #.....#.....#..#####.
######## #.....#.....#§.##.. . #
#.....###...#..##.# . #
#.......#..##.D##.##.


You could see a cyclops (ally target) and a friendly lightning spire (summoned).

Vanquished Creatures
  A hornet (D:10)
  3 yaks
  A phantom (D:5)
  A kobold brigand (D:10)
  2 wights
  A howler monkey (D:9)
  2 orc priests
  A hound (D:7)
  Jessica (D:3)
  A hound zombie (Ossuary)
  A mummy (Ossuary)
  3 gnolls
  3 adders
  A shadow imp (D:5)
  3 dart slugs
  6 orcs
  3 endoplasms (D:4)
  A giant cockroach (D:1)
  6 goblins
  A hobgoblin (D:1)
  3 jackals
  4 kobolds
  5 quokkas
  4 ball pythons (D:4)
  5 bats
  2 frilled lizards (D:2)
  A rat (D:3)
66 creatures vanquished.

Vanquished Creatures (collateral kills)
  5 boulder beetles
  A two-headed ogre (D:5)
  Urug (D:11)
  The ghost of Tizio the Protected, a novice MiBe of Trog (D:7)
  A cyclops (D:11)
  2 manticores (D:11)
  An elephant (D:11)
  Jeremiah (D:8)
  2 kobold demonologists
  An efreet (D:8)
  2 freezing wraiths (D:11)
  Psyche (D:9)
  5 trolls
  A hornet (D:9)
  Prince Ribbit (D:6)
  3 shadows (D:11)
  A spriggan (D:7)
  20 yaks
  2 wyverns
  4 wraiths
  Edmund (D:5)
  2 acid dragons
  2 water moccasins
  11 orc warriors
  A sky beast (D:7)
  3 black bears
  An ice beast (D:5)
  3 ogres
  2 centaurs (D:9)
  A phantom (D:5)
  2 elf zombies (Ossuary)
  3 kobold brigands
  A gnoll sergeant (D:5)
  A scorpion (D:5)
  10 wights
  6 killer bees (D:10)
  2 howler monkeys (D:9)
  Crazy Yiuf (D:5)
  13 orc priests
  A hound (D:6)
  2 jellies
  4 sleepcaps
  5 gnoll boudas
  An iguana (D:7)
  9 orc wizards
  A hound zombie (Ossuary)
  4 mummies
  12 adders
  13 gnolls
  A white imp (D:7)
  2 adder zombies (Ossuary)
  43 orcs
  A ball python (D:3)
  2 endoplasms
  2 giant cockroaches
  3 goblins
  2 hobgoblins
  16 kobolds
  2 quokkas
  A frilled lizard (D:1)
  A goblin zombie (Ossuary)
  3 jackal zombies (Ossuary)
  An orc zombie (Ossuary)
  3 rats (D:1)
  A rat zombie (Ossuary)
258 creatures vanquished.

Vanquished Creatures (others)
  A human (D:4)
  8 knights
9 creatures vanquished.

Grand Total: 333 creatures vanquished

Notes
Turn   | Place    | Note
-------+----------+-------------------------------------------
     0 | D:1      | ChadusMaximus the Barachi Summoner began the quest for the
                  | Orb.
     0 | D:1      | Reached XP level 1. HP: 13/13 MP: 3/3
   156 | D:1      | Reached skill level 5 in Summonings
   290 | D:1      | Reached XP level 2. HP: 8/19 MP: 1/5
   580 | D:2      | Reached XP level 3. HP: 24/24 MP: 7/7
   584 | D:2      | Learned a level 3 spell: Call Canine Familiar
   587 | D:2      | Learned a level 2 spell: Call Imp
   748 | D:2      | Reached skill level 6 in Summonings
   843 | D:2      | Reached XP level 4. HP: 23/30 MP: 0/8
   983 | D:2      | Found a hazy altar of Hepliaklqana.
  1018 | D:2      | Became a worshipper of Hepliaklqana the Forgotten
  1697 | D:3      | Noticed Jessica
  1703 | D:3      | Killed Jessica
  1704 | D:3      | Reached XP level 5. HP: 35/35 MP: 10/10
  1735 | D:3      | Reached skill level 7 in Summonings
  1867 | D:3      | Reached * piety under Hepliaklqana
  2222 | D:3      | Found an opulent altar of Gozag.
  2434 | D:4      | Reached XP level 6. HP: 36/36 MP: 11/11
  2607 | D:4      | Reached ** piety under Hepliaklqana
  2608 | D:4      | Remembered your ancestor Ælfthryth as a knight
  2615 | D:4      | Reached skill level 8 in Summonings
  2646 | D:4      | Found an ancient bone altar of Kikubaaqudgha.
  2736 | D:4      | Noticed a human
  2738 | D:4      | Killed a human
  3338 | D:4      | Learned a level 4 spell: Summon Lightning Spire
  3348 | D:5      | Entered Level 5 of the Dungeon
  3384 | D:5      | Found a sand-covered staircase.
  3400 | Ossuary  | Entered an ossuary
  3406 | Ossuary  | Reached XP level 7. HP: 30/41 MP: 1/13
  3416 | Ossuary  | Reached skill level 9 in Summonings
  3422 | Ossuary  | Reached skill level 5 in Spellcasting
  3748 | D:5      | Found an ornate altar of the Wu Jian Council.
  3778 | D:5      | Found Pustorgh's Armour Shoppe.
  3778 | D:5      | Noticed a yak
  3778 | D:5      | Noticed a yak
  3778 | D:5      | Noticed a yak
  3796 | D:5      | Reached *** piety under Hepliaklqana
  3821 | D:5      | Noticed a two-headed ogre
  3833 | D:5      | Reached skill level 10 in Summonings
  3833 | D:5      | Reached XP level 8. HP: 46/46 MP: 1/16
  3863 | D:5      | Killed a two-headed ogre
  3864 | D:5      | Reached skill level 11 in Summonings
  3984 | D:5      | Noticed Edmund
  3999 | D:5      | Killed Edmund
  4113 | D:5      | Reached XP level 9. HP: 45/51 MP: 13/19
  4167 | D:5      | Found a staircase to the Ecumenical Temple.
  4187 | D:5      | Reached skill level 12 in Summonings
  4574 | D:5      | Found a runed translucent door.
  4575 | D:5      | Noticed Crazy Yiuf
  4582 | D:5      | Killed Crazy Yiuf
  4677 | D:6      | Noticed Prince Ribbit
  4690 | D:6      | Reached skill level 1 in Fighting
  4690 | D:6      | Reached skill level 1 in Shields
  4730 | D:6      | Killed Prince Ribbit
  5171 | D:6      | Found a sacrificial altar of Ru.
  5171 | D:6      | Found a glowing silver altar of Zin.
  5172 | D:6      | Found a broken altar of Ashenzari.
  5172 | D:6      | Found a shimmering blue altar of Sif Muna.
  5179 | D:6      | Found a basalt altar of Yredelemnul.
  5184 | D:6      | Found a hide-covered altar of Uskayaw.
  5507 | D:7      | Found a runed translucent gate.
  5507 | D:7      | Found a runed translucent gate.
  5508 | D:7      | Found a runed translucent gate.
  5511 | D:7      | Noticed Tizio's ghost (novice MiBe)
  5615 | D:7      | Found Qiepreo's Magic Scroll Boutique.
  5895 | D:7      | Bought a scroll of revelation for 97 gold pieces
  5895 | D:7      | Bought a scroll of blinking for 97 gold pieces
  5895 | D:7      | Bought a scroll of teleportation for 39 gold pieces
  5895 | D:7      | Bought a scroll of fear for 52 gold pieces
  5895 | D:7      | Bought a scroll of identify for 26 gold pieces
  5895 | D:7      | Bought a scroll of enchant armour for 97 gold pieces
  5895 | D:7      | Bought 3 scrolls of identify for 78 gold pieces
  5899 | D:7      | Identified a scroll of acquirement
  5900 | D:7      | Acquired a book of Scorching
  5911 | D:7      | Learned a level 6 spell: Summon Cactus Giant
  5996 | D:7      | Identified the blade talisman of Zovic {Str+4}
  6570 | D:7      | Found a faded altar of an unknown god.
  6571 | D:7      | Paralysed by a spriggan for 3 turns
  6664 | D:7      | Found a hazy altar of Hepliaklqana.
  6755 | D:7      | Reached XP level 10. HP: 33/65 MP: 1/22
  7038 | D:7      | Killed Tizio's ghost
  7039 | D:7      | Reached skill level 5 in Fighting
  7039 | D:7      | Reached skill level 5 in Shields
  7794 | D:8      | Found a white marble altar of Elyvilon.
  8004 | D:8      | Noticed Jeremiah
  8024 | D:8      | Killed Jeremiah
  8091 | D:8      | Reached **** piety under Hepliaklqana
  8415 | D:8      | Found a bloodstained altar of Trog.
  8974 | D:9      | Reached XP level 11. HP: 66/77 MP: 13/24
  8987 | D:9      | Reached skill level 10 in Spellcasting
  9168 | D:9      | Identified the ring of the Ancients {Fly rPois Str-3
                  | Slay+6}
  9466 | D:9      | Noticed a boulder beetle
  9468 | D:9      | Noticed Psyche
  9480 | D:9      | Killed Psyche
  9508 | D:9      | Killed a boulder beetle
 10814 | D:10     | Entered Level 10 of the Dungeon
 11205 | D:10     | Reached ***** piety under Hepliaklqana
 11240 | D:10     | Found a staircase to the Orcish Mines.
 11319 | D:10     | Acquired 1009 gold pieces
 11534 | D:5      | Bought the +3 pair of gauntlets of War {Slay+5} for 522
                  | gold pieces
 11534 | D:5      | Found the +3 pair of gauntlets of War {Slay+5}
 11542 | D:5      | Bought a +4 ring mail of cold resistance for 341 gold
                  | pieces
 11861 | D:10     | Reached skill level 10 in Fighting
 12025 | D:10     | Found Fihetwev's Antique Weapon Shop.
 12036 | D:10     | Identified the +3 mace "Suoruod" {flame, ^Drain rPois
                  | rCorr}
 12386 | Orc:1    | Entered Level 1 of the Orcish Mines
 12392 | Orc:1    | Noticed an orc knight
 12881 | D:11     | Found a staircase to the Lair.
 12892 | D:11     | Reached XP level 12. HP: 67/87 MP: 15/27
 13214 | D:11     | Noticed a boulder beetle
 13224 | D:11     | Killed a boulder beetle
 13225 | D:11     | Reached skill level 10 in Shields
 13321 | D:11     | Noticed a boulder beetle
 13344 | D:11     | Killed a boulder beetle
 13365 | D:11     | Noticed a boulder beetle
 13395 | D:11     | Killed a boulder beetle
 13846 | D:11     | Noticed a boulder beetle
 13876 | D:11     | Killed a boulder beetle
 13877 | D:11     | Reached skill level 13 in Summonings
 14153 | D:11     | Noticed Urug
 14175 | D:11     | Killed Urug
 14414 | D:11     | Noticed a four-headed hydra
 14458 | D:11     | Hit by a large rock thrown by a cyclops

Illustrated notes

Levels and vault maps discovered:
D:1:      roderic_chinese_lattice_arrival, layout_rooms
D:2:      layout_loops_corners, basic_altar
D:3:      layout_basic, mainiacjoe_overflow_chevrons,
          hangedman_decor_diamond_cutter, grunt_ministairs_7,
          chequers_serial_rivers_small_3, uniq_jessica
D:4:      layout_cave_pods, tgw_kikubaaqudgha, chequers_serial_rivers_marsh,
          guppyfry_early_lair_pool
D:5:      layout_rooms, amcnicky_altar_gilded, minmay_temple_entry_glassed_door,
          gup_ossuary_entry_pyramid, serial_shops, nicolae_take_the_stairs,
          minmay_puff, uniq_crazy_yiuf_cottage, uniq_edmund
D:6:      layout_basic, minmay_overflow_temple_hex, uniq_prince_ribbit1
D:7:      layout_loops_ring, beargit_hepliaklqana_dungeon_heroes,
          biasface_ghost_orc_armoury, serial_shops,
          nicolae_shop_temple_entry_statues_fountains, serial_park_tiny_2
D:8:      layout_loops_ring, elyvilon_altar_5, trog_book, uniq_jeremiah
D:9:      kennysheep_seaside_town, layout_loops_corners, uniq_psyche
D:10:     layout_irregular_city, orc_0_dummy, serial_shops, nicolae_shop_stone,
          minmay_unpleasant_kobolds
D:11:     layout_irregular_city, david_lair_generic, minmay_pinched_square,
          uniq_urug
Orc:1:    layout_caves, serial_shops, shop

Skill      XL: |  1  2  3  4  5  6  7  8  9 10 11 12 |
---------------+-------------------------------------+-----
Summonings     | 5 6 7 8 10 11 12 13 | 13.8
Spellcasting   | 3 4 5 6 8 9 11 12 | 12.6
Fighting       | 4 7 10 | 10.0
Shields        | 4 7 9 10 | 10.5
Dodging        | |  2.1
Stealth        | |  1.7

Action                     |  1- 3 |  4- 6 |  7- 9 | 10-12 || total
---------------------------+-------+-------+-------+-------++-------
  Melee: Unarmed           |    24 |       |       |       ||    24
         Flail             |       |       |    57 |     2 ||    59
         Scimitar          |       |       |       |    31 ||    31
         Trident           |       |       |       |    15 ||    15
   Fire: Sling             |    43 |   186 |    33 |       ||   262
   Cast: Summon Small Mamm |    11 |     2 |     4 |    17 ||    34
         Call Canine Famil |     2 |     5 |    11 |    33 ||    51
         Call Imp          |     2 |     3 |    16 |    25 ||    46
         Summon Lightning  |       |     1 |    11 |    60 ||    72
         Summon Cactus Gia |       |       |     4 |    35 ||    39
 Invoke: Ancestor Life: Kn |       |     1 |       |       ||     1
         Recall Ancestor   |       |       |     1 |       ||     1
Ability: Hop               |     1 |       |     3 |     5 ||     9
    Use: Potion            |       |     3 |       |       ||     3
         Scroll            |       |     4 |     8 |     9 ||    21
   Stab: Sleeping          |       |       |     1 |       ||     1
         Distracted        |       |       |       |     1 ||     1
 Armour: Robe              |    38 |    75 |    65 |    98 ||   276
  Dodge: Dodged            |    32 |    79 |    42 |    48 ||   201
  Block: Buckler           |       |       |    24 |    32 ||    56
